 Dungeon Crawl Stone Soup version 0.21.1-1-g345015fe64 (webtiles) character file.

698 Oravi the Cutter (level 7, 0/47 HPs)
             Began as a Halfling Fighter on Mar 24, 2018.
             Killed from afar by syranez's ghost (11 damage)
             ... with a puff of flame
             ... on level 5 of the Dungeon.
             The game lasted 00:30:00 (5098 turns).

Oravi the Cutter (Halfling Fighter)                 Turns: 5098, Time: 00:30:01

Health: 0/47       AC: 11    Str: 17    XL:     7   Next: 97%
Magic:  7/7        EV: 12    Int:  6    God:
Gold:   289        SH: 14    Dex: 16    Spells: 6/6 levels left

rFire    . . .     SeeInvis .   a - +0 rapier
rCold    + . .     Gourm    .   y - +4 shield
rNeg     . . .     Faith    .   s - +1 ring mail {rC+}
rPois    .         Spirit   .   (no helmet)
rElec    .         Reflect  .   (no cloak)
rCorr    .         Harm     .   (no gloves)
MR       .....                  q - +0 pair of boots
Stlth    +.........             (no amulet)
HPRegen  0.15/turn              i - +3 ring of protection
MPRegen  0.10/turn              (no ring)

@: no status effects
A: small, mutation resistance 1
a: no special abilities


You were on level 5 of the Dungeon.
You were not hungry.

You visited 1 branch of the dungeon, and saw 5 of its levels.

You collected 289 gold pieces.

Inventory:

Hand Weapons
 a - a +0 rapier (weapon)
 b - a +0 hunting sling
Missiles
 l - 76 stones (quivered)
Armour
 c - a +0 shield
 e - a +0 scale mail
 m - a +0 chain mail
 q - a +0 pair of boots (worn)
 s - a +1 ring mail of cold resistance (worn)
 w - a +0 plate armour
 y - a +4 shield (worn)
Jewellery
 i - a +3 ring of protection (left hand)
Scrolls
 d - a scroll of immolation
 g - 2 scrolls of fear
 h - 3 scrolls of remove curse
 k - a scroll of teleportation
 o - 5 scrolls of identify
 p - a scroll of blinking
Potions
 j - a potion of heal wounds
 t - a potion of mutation
 v - 2 potions of might
 z - a potion of magic
Comestibles
 f - 6 rations


   Skills:
 + Level 3.7 Fighting
 + Level 6.1 Short Blades
 + Level 0.1 Slings
 + Level 4.9 Armour
 + Level 2.8 Dodging
 + Level 5.4 Shields


You had 6 spell levels left.
You didn't know any spells.

Dungeon Overview and Level Annotations

Branches:
Dungeon (5/15)
 Temple: D:4-7

Altars:
Cheibriados
Gozag
Hepliaklqana
Ru
Sif Muna

Shops:
D:4 *

Annotations:
D:5 syranez's ghost, novice OpFE


Innate Abilities, Weirdness & Mutations

You are small and have problems with some larger weapons.
You are somewhat resistant to further mutation.


Message History

Your Short Blades skill increases to level 6!
g - 2 scrolls of fear (gained 1)
You now have 289 gold pieces (gained 35).
l - 76 stones (gained 1)
Things that are here:
an uncursed shortbow; 5 arrows There isn't anything to butcher here.
You start resting.
Syranez's ghost (novice Octopode Fire Elementalist) comes into view.
There is an open door here.
You see here 2 arrows.
You see here 7 arrows.
Syranez's ghost casts a spell at you. The puff of flame hits you!
* * * LOW HITPOINT WARNING * * *
Syranez's ghost stares at you.
There is an open door here.
Syranez's ghost stares at you and mumbles some strange words.
The puff of flame hits you!
You die...

...# #.#.# #...# ...# #.#.# #...#
...# #.#.# ######...# ...#
#.#.####....#...#
...##########.#...##....#...#####
.>.'.............................
...##########.#...##....#......##
..###########.#.####.W..#......##
...>............@..'....'........
..............#.####....#########
..#############.# #....# ..####
#...#.####....# .....#
*.#<#.........# .....#
###....######.### .....#
#.......#####...####***#*
.....####.####..##.........#*..,,
................##.........#*.#**


You could see syranez's ghost.

Vanquished Creatures
  The ghost of Sumakker the Shield-Bearer, an amateur FoFi (D:3)
  2 centaurs (D:5)
  2 orc wizards (D:3)
  3 worker ants
  7 gnolls
  8 adders
  2 shadow imps (D:5)
  2 oozes
  2 worms (D:2)
  2 dart slugs
  8 leopard geckos
  8 orcs
  2 giant cockroaches
  5 goblins
  10 hobgoblins
  4 jackals (D:3)
  9 kobolds
  3 quokkas
  14 bats
  5 frilled lizards
  A jackal skeleton (D:5)
  A quokka zombie (D:5)
  9 rats
110 creatures vanquished.

Notes
Turn   | Place    | Note
-------+----------+-------------------------------------------
     0 | D:1      | Oravi the Halfling Fighter began the quest for the Orb.
     0 | D:1      | Reached XP level 1. HP: 15/15 MP: 1/1
   294 | D:1      | Reached XP level 2. HP: 20/20 MP: 2/2
   758 | D:1      | Reached XP level 3. HP: 25/25 MP: 3/3
   987 | D:1      | Reached skill level 3 in Short Blades
  1297 | D:2      | Reached XP level 4. HP: 31/31 MP: 4/4
  1558 | D:2      | Found a sacrificial altar of Ru.
  2090 | D:2      | Reached skill level 1 in Dodging
  2096 | D:2      | Reached skill level 4 in Short Blades
  2096 | D:2      | Reached XP level 5. HP: 13/36 MP: 5/5
  2536 | D:3      | Found a snail-covered altar of Cheibriados.
  2687 | D:3      | Noticed Sumakker's ghost (amateur FoFi)
  2708 | D:3      | Killed Sumakker's ghost
  2708 | D:3      | Reached XP level 6. HP: 13/42 MP: 6/6
  3160 | D:3      | Reached skill level 5 in Short Blades
  3208 | D:3      | Reached XP level 7. HP: 18/46 MP: 7/7
  3506 | D:3      | Found a sacrificial altar of Ru.
  3507 | D:3      | Found a deep blue altar of Sif Muna.
  3953 | D:4      | Found Gozag's Platinum Reserve.
  3981 | D:4      | Found an opulent altar of Gozag.
  4015 | D:4      | Reached skill level 5 in Shields
  4330 | D:5      | Entered Level 5 of the Dungeon
  4908 | D:5      | Found a hazy altar of Hepliaklqana.
  5067 | D:5      | Reached skill level 6 in Short Blades
  5076 | D:5      | Noticed syranez's ghost (novice OpFE)
  5098 | D:5      | Killed from afar by syranez's ghost

Skill      XL: |  1  2  3  4  5  6  7 |
---------------+----------------------+-----
Fighting       | 3 |  3.7
Short Blades   | 3 4 5 6 |  6.1
Shields        | 4 5 |  5.4
Dodging        | 1 2 |  2.8
Armour         | 4 |  4.9
Slings         | |  0.1

Action                   |  1- 3 |  4- 6 |  7- 9 || total
-------------------------+-------+-------+-------++-------
Melee: Rapier            |   125 |   215 |   149 ||   489
 Fire: Hunting sling     |       |       |     5 ||     5
  Use: Potion            |       |     4 |       ||     4
       Scroll            |       |       |    12 ||    12
  Eat: Chunk             |     1 |     3 |     3 ||     7
       Ration            |       |     1 |     1 ||     2
Armor: Scale mail        |    67 |     6 |       ||    73
       Ring mail         |       |    63 |    32 ||    95
Dodge: Dodged            |    62 |    69 |    50 ||   181
Block: Shield            |    71 |   133 |   101 ||   305
